 Dungeon Crawl Stone Soup version 0.28.0-43-g3370ac3207 (webtiles) character file.

Game seed: 8518944458451319909

184 spiecas the Poker (level 5, 0/39 HPs)
             Began as a Merfolk Gladiator on Mar 4, 2022.
             Slain by an orc wizard
             ... wielding a +0 dagger
              (2 damage)
             ... on level 4 of the Dungeon.
             The game lasted 00:14:04 (3253 turns).

spiecas the Poker (Merfolk Gladiator)               Turns: 3253, Time: 00:14:04

Health: 0/39       AC:  6    Str: 14    XL:     5   Next: 63%
Magic:  5/5        EV: 14    Int:  8    God:
Gold:   1367       SH:  0    Dex: 17    Spells: 4/4 levels left

rFire   . . .      SeeInvis .   a - +0 trident
rCold   . . .      Faith    .   (no shield)
rNeg    . . .      Spirit   .   b - +0 leather armour
rPois   .          Reflect  .   c - +0 helmet
rElec   .          Harm     .   (no cloak)
rCorr   .          Rampage  .   o - +1 pair of gloves
Will    .....                   (no boots)
Stlth   ++........              (no amulet)
HPRegen 0.13/turn               (no ring)
MPRegen 0.09/turn               (no ring)

@: no status effects
A: (nimble swimmer 2), mertail
a: no special abilities


You were on level 4 of the Dungeon.
You visited 1 branch of the dungeon, and saw 5 of its levels.

You collected 1367 gold pieces.

Inventory:

Hand Weapons
 a - a +0 trident (weapon)
 i - the +7 staff of the Meek {protect, meekguard}
   (You found it on level 4 of the Dungeon)

   It grants its wielder temporary protection when it strikes (+7 to AC).
   It provides extra protection to wielders with little health.
 k - a +0 short sword
Missiles
 d - 3 throwing nets
 j - 3 boomerangs (quivered)
 p - 2 poisoned darts
Armour
 b - a +0 leather armour (worn)
 c - a +0 helmet (worn)
 o - a +1 pair of gloves (worn)
Wands
 l - a wand of flame (22)
Potions
 e - a potion of berserk rage
 f - a potion of haste
 g - a potion of heal wounds {unknown}
 h - a potion of mutation {unknown}
 m - a potion of invisibility {unknown}
 n - a potion of attraction {unknown}
 q - a potion of degeneration {unknown}


   Skills:
 + Level 2.6 Fighting
 - Level 2.5 Short Blades
 + Level 6.1 Polearms
 + Level 2.5 Throwing
 + Level 0.7 Armour
 + Level 4.7 Dodging
 + Level 1.7 Stealth


You had 4 spell levels left.
You didn't know any spells.
Your spell library contained the following spells:

 Spells                   Type           Power      Damage    Failure   Level
 Summon Small Mammal      Summ           0%         N/A       50%         1
 Call Canine Familiar     Summ           0%         N/A       86%         3
 Summon Guardian Golem    Hex/Summ       0%         N/A       86%         3


Dungeon Overview and Level Annotations

Branches:
Dungeon (5/15)
 Temple: D:4-7

Altars:
Makhleb

Shops:
D:1 :

Annotations:
D:3 2 transporters, Konebred's ghost, weakling DgCj


Innate Abilities, Weirdness & Mutations

((You are very nimble when in or above water. (Stealth+, EV+, Speed+++)))
Your lower body shifts to a powerful aquatic tail in water.


Message History

You hit the goblin.
The goblin is severely wounded.
The goblin hits you with a +0 dagger.
You barely miss the goblin.
The goblin is severely wounded.
The goblin hits you but does no damage.
You puncture the goblin!
You kill the goblin!
An orc comes into view. It is wielding a +0 hand axe.
You barely miss the hobgoblin. The hobgoblin misses you.
The orc shouts!
You hit the hobgoblin but do no damage.
You hear a shout! x2
An orc comes into view. It is wielding a +0 club.
An orc priest comes into view. It is wielding a +0 club.
The orc wizard mumbles some strange words.
The orc wizard flickers and vanishes!
Deactivating autopickup; reactivate with Ctrl-A.
The hobgoblin hits you with a +0 rapier.
An orc comes into view. It is wielding a +0 hand axe.
Found an escape hatch in the floor.
The orc priest shouts!
The orc shouts!
The orc priest calls down the wrath of Beogh upon you.
Beogh smites you!
The orc priest invokes the aid of Beogh against you.
Beogh smites you!
* * * LOW HITPOINT WARNING * * *
A puff of flame appears from out of thin air!
The puff of flame hits you.
* * * LOW HITPOINT WARNING * * *
The orc priest looks satisfied for a moment.
The orc shouts!
There is an escape hatch in the floor here.
You closely miss the giant cockroach. The giant cockroach bites you.
* * * LOW HITPOINT WARNING * * *
The hobgoblin barely misses you.
You closely miss the giant cockroach.
The giant cockroach bites you but does no damage.
Something hits you.
You die...

........')B.......'......
........###......##......
.................##......
........o..o.....########
.....o.....#######
......oo...# ###
#######o...# #.. #goB.#
#.. #.@..# #..
...........# ###
.......##### .......
####... ######## #...
#......# #... #......#
#... #......# #......#


You could see 2 orc priests, 5 orcs, a giant cockroach and a hobgoblin.

Vanquished Creatures
  A bullfrog skeleton (D:5)
  An iguana (D:4)
  5 adders
  4 dart slugs
  3 orcs
  3 bats
  7 endoplasms
  2 giant cockroaches
  8 goblins
  5 hobgoblins
  8 jackals
  5 quokkas (D:2)
  5 ball pythons
  2 frilled lizards (D:1)
  6 kobolds
  3 rats (D:1)
68 creatures vanquished.

Vanquished Creatures (others)
  A dart slug (D:1)
  5 plants (D:3)
6 creatures vanquished.

Grand Total: 74 creatures vanquished

Notes
Turn   | Place    | Note
-------+----------+-------------------------------------------
     0 | D:1      | spiecas the Merfolk Gladiator began the quest for the Orb.
     0 | D:1      | Reached XP level 1. HP: 16/16 MP: 1/1
    55 | D:1      | Found Bobrycoa's Book Emporium.
   217 | D:1      | Found a faded altar of an unknown god.
   275 | D:1      | Reached XP level 2. HP: 14/22 MP: 2/2
   278 | D:1      | Reached skill level 1 in Short Blades
   806 | D:1      | Reached XP level 3. HP: 25/27 MP: 3/3
  1412 | D:2      | Reached skill level 5 in Polearms
  1416 | D:2      | Reached XP level 4. HP: 34/34 MP: 4/4
  1425 | D:2      | Reached skill level 1 in Stealth
  2225 | D:3      | Found a transporter.
  2230 | D:3      | Noticed Konebred's ghost (weakling DgCj)
  2269 | D:3      | Found a transporter.
  2495 | D:4      | Reached XP level 5. HP: 39/39 MP: 5/5
  2499 | D:4      | Identified a scroll of acquirement
  2499 | D:4      | Acquired 1208 gold pieces
  2663 | D:4      | Found the +7 staff of the Meek {protect, meekguard}
  2671 | D:4      | Noticed a black bear
  2781 | D:4      | Found a burning altar of Makhleb.
  2949 | D:5      | Entered Level 5 of the Dungeon
  3085 | D:5      | Reached skill level 6 in Polearms
  3253 | D:4      | Slain by an orc wizard

Illustrated notes

Levels and vault maps discovered:
D:1:      roderic_chinese_lattice_arrival, layout_basic, serial_shops,
          nicolae_shop_hallway_plus, shapermc_ecumenical_altar_mp_highgroup,
          serial_park_tiny_pond, amcnicky_mini_corridor_feature,
          nicolae_concentric_dashed_squares_wild
D:2:      layout_rooms, minmay_three_crescents
D:3:      layout_basic, gammafunk_ghost_gnarly_gnolls
D:4:      layout_basic, demons_altar, serial_shops, shop_fountains
D:5:      layout_basic

Skill      XL: |  1  2  3  4  5 |
---------------+----------------+-----
Short Blades   | 2 |  2.5
Polearms       | 5 6 |  6.1
Stealth        | 1 |  1.7
Fighting       | |  2.6
Throwing       | |  2.5
Armour         | |  0.7
Dodging        | |  4.7

Action                   |  1- 3 |  4- 6 || total
-------------------------+-------+-------++-------
Melee: Dagger            |    63 |       ||    63
       Trident           |    54 |   101 ||   155
       Punch             |     1 |       ||     1
Throw: Boomerang         |    14 |    28 ||    42
  Use: Scroll            |       |     9 ||     9
 Stab: Sleeping          |       |     1 ||     1
Armor: Leather armour    |    31 |    27 ||    58
Dodge: Dodged            |    85 |    58 ||   143
